 Dungeon Crawl Stone Soup version 0.31.0-11-ge490571c62 (webtiles) character file.

Game seed: 15371768140927649744

1626 ces the Nimble (level 8, -1/58 HPs)
             Began as a Spriggan Hunter on Jan 28, 2024.
             Slain by a killer bee (4 damage)
             ... on level 7 of the Dungeon.
             The game lasted 00:21:11 (6299 turns).

ces the Nimble (Spriggan Hunter)                    Turns: 6299, Time: 00:21:11

Health: -1/58      AC: 24    Str:  4 (7)  XL:     8   Next: 65%
Magic:  0/9        EV:  4    Int:  8 (10) God:
Gold:   231        SH:  0    Dex: 20 (21) Spells: 7/7 levels left

rFire   . . .        a - +0 shortbow
rCold   . . .        (shield currently unavailable)
rNeg    . . .        c - melded +0 robe
rPois   +            (helmet currently unavailable)
rElec   .            (cloak currently unavailable)
rCorr   .            (gloves unavailable)
SInv    +            (boots unavailable)
Will    +....        k - amulet of guardian spirit
Stlth   +++          v - +5 ring of evasion
HPRegen 0.29/turn    (no ring)
MPRegen 0.11/turn

%: guardian spirit
@: tree-form, attractive
A: stationary, stasis, torment immunity, boosted hp, very small, no large
weapons, unfitting armour, see invisible, (speed 3), (cold resistance 1)
a: no special abilities


You were on level 7 of the Dungeon.
You were a tree.
You visited 1 branch of the dungeon, and saw 9 of its levels.

You collected 231 gold pieces.

Inventory:

Hand Weapons
 a - a +0 shortbow (weapon)
 b - a +4 dagger
Missiles
 l - a throwing net
Armour
 c - a +0 robe (melded)
Jewellery
 k - an amulet of guardian spirit (around neck)
 r - an amulet of reflection
 v - a +5 ring of evasion (left branch)
Wands
 x - a wand of polymorph (13)
 y - a wand of flame (2)
Scrolls
 n - 3 scrolls of noise
Potions
 o - a potion of might
 p - a potion of magic
 q - a potion of brilliance


   Skills:
 + Level 2.5 Fighting
 * Level 8.6 Ranged Weapons
 + Level 9.8 Dodging
 + Level 3.9 Stealth


You had 7 spell levels left.
You didn't know any spells.
Your spell library contained the following spells:

 Spells                   Type           Power      Damage    Failure   Level
 Ensorcelled Hibernation  Hex/Ice        0%         N/A       54%         2
 Dazzling Flash           Conj/Hex       0%         N/A       78%         3
 Gell's Gravitas          Tloc           0%         N/A       78%         3
 Mephitic Cloud           Conj/Alch/Air  0%         N/A       78%         3
 Passwall                 Erth           0%         N/A       78%         3
 Swiftness                Air            0%         N/A       78%         3
 Teleport Other           Tloc           0%         N/A       78%         3
 Curse of Agony           Necr           0%         N/A       100%        5
 Silence                  Hex/Air        0%         N/A       100%        5
 Dispersal                Tloc           0%         N/A       100%        6


Dungeon Overview and Level Annotations

Branches:
Dungeon (9/15)               Lair (0/5) D:8
 Temple: D:4-7          Orc: D:9-12

Altars:
Cheibriados
Fedhas
Kikubaaqudgha
Trog
Yredelemnul

Shops:
D:1 *   D:2 [*([   D:4 (   D:8 =

Annotations:
D:6 Grinder
D:7 Maurice


Innate Abilities, Weirdness & Mutations

You are a tree.
Your roots penetrate the ground, keeping you stationary.
You cannot be teleported.
You are immune to unholy pain and torment.
Your maximum health is greatly increased.
Your equipment is partially melded.
You are very small and have problems with some larger weapons.
You are too small for most types of armour.
You have supernaturally acute eyesight. (SInv)
((You cover ground extremely quickly. (Speed+++)))
((Your flesh is cold resistant. (rC+)))


Message History

It was a potion of mutation.
You feel extremely strange.
You feel resistant to poisons.
You feel less resistant to poisons.
You feel resistant to cold.
The killer bee completely misses you. x2
The orc hits you with a +2 dagger of speed.
The killer bee completely misses you. The orc hits you with a +0 dagger.
* * * LOW HITPOINT WARNING * * *
The killer bee closely misses you. The orc completely misses you.
Okay, then.
Okay, then.
Aiming: Polymorph
Press: ? - help, Shift-Dir - straight line, f - orc
Aim: an orc, wielding a +0 dagger (will become a rat, a giant cockroach, or a river rat, chance to affect: 66%)
Okay, then.
You turn into a tree.
Your +0 robe melds into your body.
Your roots penetrate the ground.
The killer bee stings you but does no damage. x2
The orc hits you but does no damage. The killer bee completely misses you.
The orc hits you but does no damage.
The killer bee stings you but does no damage.
Fire: a) +0 shortbow
Press: ? - help, Q - select action, (/) - cycle Shift-Dir - straight line, f - killer bee
Aim: a killer bee (44% to hit)
You shoot an arrow.
The arrow closely misses the killer bee.
The killer bee barely misses you.
The killer bee stings you but does no damage.
The orc hits you but does no damage.
The killer bee stings you but does no damage.
The orc hits you but does no damage. The killer bee barely misses you.
The orc completely misses you.
Fire: a) +0 shortbow
Press: ? - help, Q - select action, (/) - cycle Shift-Dir - straight line, f/p - killer bee
Aim: a killer bee (44% to hit)
You shoot an arrow. The arrow hits the killer bee.
The killer bee is lightly wounded.
The killer bee stings you.
* * * LOW HITPOINT WARNING * * *
The killer bee stings you.
You die...

#..# # ##.## ##..# #..##
##.## #..# ##.## #####
######.## ##...##
####♣oo#..# #.....##
###..yoy...## .......#
#.....o....# #......#
##..........#
#....>####...........######
##.....÷..................#
#...####..............##.#
##.##
#...............##.#######
#.#
#..............###....#...


You could see 2 killer bees and 4 orcs.

Vanquished Creatures
  Sigmund (D:3)
  A yak (D:7)
  A basilisk (D:8)
  An ice beast (D:5)
  A black bear (D:8)
  A centaur (D:8)
  A bullfrog (D:7)
  3 scorpions (D:7)
  3 wights (D:8)
  2 hounds (D:4)
  An orc priest (D:4)
  2 jellies
  Terence (D:3)
  4 iguanas
  2 orc wizards (D:8)
  9 adders
  3 white imps (D:7)
  A ribbon worm (D:2)
  A dart slug (D:8)
  18 orcs
  11 endoplasms
  8 giant cockroaches
  13 goblins
  5 hobgoblins
  6 kobolds
  7 quokkas
  10 ball pythons
  4 bats
  5 frilled lizards
  6 rats
132 creatures vanquished.

Notes
Turn   | Place    | Note
-------+----------+-------------------------------------------
     0 | D:1      | ces the Spriggan Hunter began the quest for the Orb.
     0 | D:1      | Reached XP level 1. HP: 10/10 MP: 2/2
    41 | D:1      | Found Moypanir's General Store.
   141 | D:1      | Reached skill level 3 in Dodging
   228 | D:1      | Reached XP level 2. HP: 14/14 MP: 3/3
   337 | D:1      | Found a faded altar of an unknown god.
  1066 | D:2      | Found Wymaskeb's Assorted Antiques.
  1069 | D:2      | Reached XP level 3. HP: 18/18 MP: 4/4
  1117 | D:2      | Reached skill level 4 in Dodging
  1323 | D:2      | Found Nasyuppu's Antique Weapon Shoppe.
  1361 | D:2      | Reached XP level 4. HP: 22/22 MP: 5/5
  1447 | D:2      | Found Febb's Antique Armour Shop.
  1486 | D:2      | Reached skill level 5 in Ranged Weapons
  1682 | D:2      | Found Dazonosh's Antique Armour Boutique.
  1919 | D:3      | Noticed Sigmund
  1981 | D:3      | Killed Sigmund
  1982 | D:3      | Reached skill level 6 in Dodging
  1982 | D:3      | Reached XP level 5. HP: 25/25 MP: 6/6
  1982 | D:3      | Reached XP level 6. HP: 30/30 MP: 7/7
  2053 | D:3      | Noticed Terence
  2060 | D:3      | Killed Terence
  2315 | D:3      | Found a bloodstained altar of Trog.
  2861 | D:3      | Reached skill level 7 in Dodging
  2892 | D:4      | Found Zatao's Weapon Emporium.
  3237 | D:4      | Reached XP level 7. HP: 21/33 MP: 5/8
  3644 | D:5      | Entered Level 5 of the Dungeon
  3819 | D:5      | You fall into a shaft and drop 2 floors!
  3868 | D:7      | Reached skill level 8 in Dodging
  4051 | D:7      | Found a basalt altar of Yredelemnul.
  4141 | D:7      | Noticed Maurice
  4729 | D:7      | Noticed a yak
  4820 | D:7      | Killed a yak
  4821 | D:7      | Reached skill level 9 in Dodging
  4821 | D:7      | Reached XP level 8. HP: 37/37 MP: 9/9
  4987 | D:6      | Noticed Grinder
  5098 | D:8      | Found Vyumyunt's Jewellery Emporium.
  5173 | D:8      | Found a staircase to the Lair.
  5174 | D:8      | Noticed a komodo dragon
  5676 | D:8      | Found a blossoming altar of Fedhas.
  5678 | D:8      | Found an ancient bone altar of Kikubaaqudgha.
  5760 | D:8      | Found a snail-covered altar of Cheibriados.
  6296 | D:7      | Gained mutation: Your system is resistant to poisons.
                  | (rPois) [potion of mutation]
  6296 | D:7      | Lost mutation: Your system is resistant to poisons. (rPois)
                  | [potion of mutation]
  6296 | D:7      | Gained mutation: Your flesh is cold resistant. (rC+)
                  | [potion of mutation]
  6299 | D:7      | Slain by a killer bee

Illustrated notes

Levels and vault maps discovered:
D:1:      elethiomel_arrival_shortcut, layout_loops_corners, serial_shops, shop,
          serial_forest, infiniplex_forest_clump_C,
          infiniplex_forest_clump_tiny, infiniplex_forest_straight_5,
          infiniplex_forest_clump_tiny, infiniplex_forest_clump_tiny,
          infiniplex_forest_lined_ring, infiniplex_forest_lined_2,
          shapermc_ecumenical_altar_mp_vishouse, minmay_cupped
D:2:      layout_basic, serial_shops, shop, nicolae_shop_back_alley_shop, shop,
          shop, eino_tiny_chamber
D:3:      minmay_spotlight, layout_loops_ring, trog_butcher_becter,
          uniq_sigmund, uniq_terence
D:4:      layout_cave_pools, serial_shops,
          nicolae_shop_competitors_out_of_business
D:5:      layout_basic, nicolae_overflow_hallway_of_the_gods,
          minmay_temple_entry_nine_rooms, nrook_mini_backslash
D:6:      layout_cave_pods, lightli_church_of_beogh, uniq_edmund, uniq_grinder,
          uniq_blork_the_orc
D:7:      layout_cave_pods, mainiacjoe_overflow_surrounded_room, wad_mini_maze,
          uniq_maurice
D:8:      layout_gridville, grunt_temple_overflow_growth_and_decay,
          kennysheep_slug_shrine, david_lair_shrubbed, serial_shops, shop
D:9:      layout_loops_cross, nicolae_gozag_cash_rules_everything_around_me,
          orc_0_dummy, uniq_erolcha

Skill      XL: |  1  2  3  4  5  6  7  8 |
---------------+-------------------------+-----
Dodging        | 3 4 6 7 9 |  9.8
Ranged Weapons | 5 6 7 8 |  8.6
Stealth        | 3 |  3.9
Fighting       | 2 |  2.5

Action                     |  1- 3 |  4- 6 |  7- 9 || total
---------------------------+-------+-------+-------++-------
   Fire: Shortbow          |    89 |   222 |   262 ||   573
  Evoke: Wand              |       |       |     9 ||     9
    Use: Scroll            |     1 |     3 |    12 ||    16
         Potion            |       |       |    13 ||    13
 Armour: Robe              |     7 |    36 |    42 ||    85
         Skin              |       |       |    15 ||    15
  Dodge: Dodged            |     7 |    86 |   251 ||   344
